 Dungeon Crawl Stone Soup version 0.23-a0-275-g0cf4261 (webtiles) character file.

70 Amnesiac the Digger (level 4, -3/30 HPs)
             Began as a Vampire Earth Elementalist on Oct 2, 2018.
             Killed by miscasting Petrify (18 damage)
             ... on level 2 of the Dungeon.
             The game lasted 00:02:27 (1172 turns).

Amnesiac the Digger (Vampire Earth Elementalist)    Turns: 1172, Time: 00:02:27

Health: -3/30      AC:  2    Str:  7    XL:     4   Next: 3%
Magic:  3/7        EV: 12    Int: 18    God:
Gold:   29         SH:  0    Dex: 14    Spells: 0/7 levels left

rFire    . . .     SeeInvis +   a - +0 dagger (venom)
rCold    + . .     Gourm    .   (no shield)
rNeg     + + .     Faith    .   c - +0 robe
rPois    +         Spirit   .   (no helmet)
rElec    .         Reflect  .   (no cloak)
rCorr    .         Harm     .   (no gloves)
MR       .....                  (no boots)
Stlth    +++.......             (no amulet)
HPRegen  0.05/turn              (no ring)
MPRegen  0.10/turn              (no ring)

@: very slightly contaminated, regenerating slowly
A: fangs 3, see invisible, unbreathing
a: Bat Form


You were on level 2 of the Dungeon.
You were thirsty.

You visited 1 branch of the dungeon, and saw 2 of its levels.

You collected 29 gold pieces.

Inventory:

Hand Weapons
 a - a +0 dagger of venom (weapon)
Missiles
 b - 54 stones (quivered)
Armour
 c - a +0 robe (worn)
 i - a +0 buckler
Scrolls
 e - 2 scrolls of remove curse {!r, unknown}
 h - a scroll of teleportation {!r, unknown}
 j - 2 scrolls of enchant armour {!r, unknown}
Potions
 d - 12 potions of blood {!q}
 f - a potion of agility {!q, unknown}
 g - a potion of haste {!q, unknown}


   Skills:
 - Level 2.1 Dodging
 - Level 3.0 Stealth
 - Level 2.0 Spellcasting
 + Level 3.1 Transmutations
 - Level 4.0 Earth Magic


You couldn't memorise any spells.
You knew the following spells:

 Your Spells              Type           Power        Failure   Level  Hunger
a - Sandblast             Erth           ###...       3%          1    #......
b - Passwall              Tmut/Erth      ##......     6%          2    ###....
e - Petrify               Tmut/Erth      ##......     38%         4    #####..

Your spell library contained the following spells:

 Spells                   Type           Power        Failure   Level  Hunger
 Stone Arrow              Conj/Erth      #.....       24%         3    ###....
 Lee's Rapid Deconstruct  Erth           ###.......   67%         5    ######.


Dungeon Overview and Level Annotations

Branches:
Dungeon (2/15)

Altars:
Nemelex Xobeh

Annotations:
D:2 exclusion: worm


Innate Abilities, Weirdness & Mutations

You heal slowly.
You have razor-sharp teeth.
You have supernaturally acute eyesight. (SInv)
You can survive without breathing.


Message History

You see here a club.
You start resting.
The worm is too close now for your liking.
Casting: Sandblast (safe; 3% risk of failure)
Confirm with . or Enter, or press ? or * to list all spells.
Aiming: Sandblast (safe; 3% risk of failure)
Press: ? - help, Shift-Dir - straight line, f - worm
Aim: a worm (hasn't noticed you)
The blast of sand hits the worm.
The worm is moderately wounded.
b - 56 stones
Casting: Sandblast (safe; 3% risk of failure)
Confirm with . or Enter, or press ? or * to list all spells.
Aiming: Sandblast (safe; 3% risk of failure)
Press: ? - help, Shift-Dir - straight line, f/p - worm
Aim: a worm (moderately wounded)
The blast of sand hits the worm.
The worm is almost dead.
b - 55 stones
Casting: Sandblast (safe; 3% risk of failure)
Confirm with . or Enter, or press ? or * to list all spells.
Aiming: Sandblast (safe; 3% risk of failure)
Press: ? - help, Shift-Dir - straight line, f/p - worm
Aim: a worm (almost dead)
The blast of sand hits the worm.
You kill the worm!
You have reached level 4!
b - 54 stones This spell is quite dangerous to cast!
Memorise Petrify, consuming 4 spell levels and leaving 0?
You start memorising the spell.
You continue memorising. x4
You finish memorising.
Spell assigned to 'e'.
You start resting.
A rat comes into view.
Found a stone staircase leading down.
A goblin comes into view. It is wielding a dagger.
You hit the rat.
The rat is poisoned.
The rat is heavily wounded.
You kill the rat!
The goblin shouts!
You hit the goblin.
The goblin is poisoned.
The goblin is moderately wounded.
The goblin hits you but does no damage.
You hit the goblin.
You kill the goblin!
No target in view!
You see here a rat corpse.
You bottle the corpse's blood.
d - 12 potions of blood {!q} (gained 1)
You see here a glowing hunting sling.
You see here a glowing hunting sling.
Magic restored.
An adder comes into view.
An adder is nearby!
Casting: Sandblast (safe; 3% risk of failure)
Confirm with . or Enter, or press ? or * to list all spells.
Aiming: Petrify (quite dangerous; 38% risk of failure)
Press: ? - help, Shift-Dir - straight line, f - adder
Aim: an adder (hasn't noticed you, chance to defeat MR: 53%)
You miscast Petrify.
You are very lightly contaminated with residual magic.
You are blasted with sand!
Ouch! That really hurt!
You die...

......#####...#.########
......### #...#.# #....#
........# #...#.###..).#
........# #...#........#
........# #...#........#
........# #............#
..S.....# #............#
........###............#
.......@...............#
........###.###......###
........# #....>.....#
........# #####......#
........# ########
........# .########


You could see an adder (wandering).

Vanquished Creatures
  3 adders (D:2)
  2 oozes
  3 worms (D:2)
  A ball python (D:2)
  A giant cockroach (D:2)
  3 goblins
  2 hobgoblins
  6 kobolds
  2 bats (D:2)
  4 rats
27 creatures vanquished.

Notes
Turn   | Place    | Note
-------+----------+-------------------------------------------
     0 | D:1      | Amnesiac the Vampire Earth Elementalist began the quest for
                  | the Orb.
     0 | D:1      | Reached XP level 1. HP: 13/13 MP: 3/3
   202 | D:1      | Reached XP level 2. HP: 19/19 MP: 1/5
   237 | D:1      | Learned a level 2 spell: Passwall
   540 | D:2      | Found a sparkling altar of Nemelex Xobeh.
   585 | D:2      | Reached skill level 4 in Earth Magic
   649 | D:2      | Reached XP level 3. HP: 22/24 MP: 2/6
  1100 | D:2      | Reached XP level 4. HP: 11/30 MP: 0/7
  1106 | D:2      | Learned a level 4 spell: Petrify
  1172 | D:2      | Killed by miscasting Petrify

Vault maps used:
D:1:      scummos_arrival_forest, minmay_tree_intersection
D:2:      lemuel_crystal_altar, lemuel_doored_altar, first_ration, uniq_terence

Skill      XL: |  1  2  3 |
---------------+----------+-----
Earth Magic    | 4 |  4.0
Transmutations | 3 |  3.1
Dodging        | |  2.1
Stealth        | |  3.0
Spellcasting   | |  2.0

Action                   |  1- 3 |  4- 6 || total
-------------------------+-------+-------++-------
Melee: Dagger            |    31 |     3 ||    34
       Bite              |     2 |       ||     2
 Cast: Sandblast         |    27 |     1 ||    28
 Stab: Sleeping          |     5 |       ||     5
Armor: Robe              |     7 |     1 ||     8
Dodge: Dodged            |    33 |       ||    33

Table legend:
 A = Non-vault XP
 B = Vault XP
 C = Vault XP percentage of total XP
 D = Non-vault monster count
 E = Vault monster count
 F = Vault count percentage of total count
                 A         B        C        D         E       F
            +---------+---------+-------+---------+---------+-------
      Total |     100 |       0 |   0.0 |      27 |       0 |   0.0
            +---------+---------+-------+---------+---------+-------
        D:1 |      17 |       0 |   0.0 |       6 |       0 |   0.0
        D:2 |      83 |       0 |   0.0 |      21 |       0 |   0.0
            +---------+---------+-------+---------+---------+-------
